 Dungeon Crawl Stone Soup version 0.19.1 (webtiles) character file.

213 Gargoyl the Skirmisher (level 5, 0/47 HPs)
             Began as a Ghoul Abyssal Knight on Dec 27, 2016.
             Was a Priest of Lugonu.
             Slain by Edmund
             ... wielding a +5 flail of protection
              (4 damage)
             ... on level 4 of the Dungeon.
             The game lasted 00:06:30 (3426 turns).

Gargoyl the Skirmisher (Ghoul Abyssal Knight)       Turns: 3426, Time: 00:06:30

Health: 0/47       AC: 13    Str: 11 (16) XL:     5   Next: 90%
Magic:  15/15      EV:  1    Int:  4 (7)  God:    Lugonu [***...]
Gold:   346        SH:  2    Dex:  8 (9)  Spells: 0 memorised, 4 levels left

rFire  . . .     SeeInvis .     a - +1 hand axe
rCold  + . .     Gourm    .     q - +0 plate armour
rNeg   + + +     Faith    .     v - +0 buckler
rPois  ∞         Spirit   .     j - +0 helmet
rElec  .         Reflect  .     (no cloak)
rCorr  .         Harm     .     w - +0 pair of gloves
MR     .....                    (no boots)
Stlth  ..........               f - amulet of magic regeneration
                                (no ring)
                                r - ring of magical power

@: rotting
A: rotting body, claws 1, carnivore 3, cold resistance 1, negative energy
resistance 3, slow regeneration 1, torment resistance, unbreathing
a: Depart the Abyss, Bend Space, Banish, Renounce Religion


You were on level 4 of the Dungeon.
You worshipped Lugonu.
Lugonu was most pleased with you.
You were not hungry.

You visited 1 branch of the dungeon, and saw 4 of its levels.
You visited the Abyss 1 time.

You collected 346 gold pieces.

Inventory:

Hand Weapons
 a - a +1 hand axe (weapon)
Armour
 j - a +0 helmet (worn)
 q - a +0 plate armour (worn)
 v - a +0 buckler (worn)
 w - a +0 pair of gloves (worn)
Jewellery
 f - an amulet of magic regeneration (around neck)
 r - a ring of magical power (left hand)
Wands
 e - a wand of disintegration (9/24)
Scrolls
 b - 2 scrolls of immolation {unknown}
 d - 2 scrolls of teleportation {unknown}
 g - 2 scrolls of magic mapping {unknown}
 k - a scroll of enchant armour {unknown}
 l - 6 scrolls of remove curse {unknown}
 m - a scroll of random uselessness {unknown}
 o - 2 scrolls of fog {unknown}
 s - a scroll of enchant weapon {unknown}
 t - a scroll of recharging {unknown}
Potions
 p - a potion of degeneration
 u - 2 potions of mutation
Comestibles
 c - 3 meat rations
 n - 3 beef jerkies


   Skills:
 + Level 4.3 Fighting
 + Level 3.1 Axes
 * Level 3.3 Armour
 + Level 1.0 Dodging
 + Level 0.3 Shields
 * Level 3.1 Invocations


You had 4 spell levels left.
You didn't know any spells.

Dungeon Overview and Level Annotations

Branches:
Dungeon (4/15)
 Temple: D:4-7

Altars:
Ashenzari
Dithmenos
Elyvilon
Hepliaklqana
Kikubaaqudgha
Nemelex Xobeh
Yredelemnul
The Shining One

Annotations:
D:4 Edmund


Innate Abilities, Weirdness & Mutations

Your body is rotting away.
You thrive on raw meat.
You are immune to poison.
You have sharp fingernails.
You are carnivorous and can eat meat at any time.
Your flesh is cold resistant. (rC+)
You are immune to negative energy. (rN+++)
You regenerate slowly when monsters are visible.
You are immune to unholy pain and torment.
You can survive without breathing.


Message History

* * * LOW HITPOINT WARNING * * *
You hit Edmund but do no damage.
Edmund is severely wounded.
Edmund hits you but does no damage.
You hit Edmund.
Edmund is severely wounded.
You hit Edmund.
Edmund is almost dead.
Edmund hits you with a flail of protection.
* * * LOW HITPOINT WARNING * * *
You hit Edmund but do no damage.
Edmund is almost dead.
You block Edmund's attack.
You hit Edmund but do no damage.
Edmund is almost dead.
You block Edmund's attack.
You barely miss Edmund.
Edmund is almost dead.
Edmund hits you with a flail of protection.
You die...

###.# #.#....).......#
....######.....[........#
........###..##########.#
............># #.#
........###############.#
..(.....#............##.#
........#.##########.##.#
........#.#....@.#<#.##.#
........#.# ####@#.#.##.#
........#.# #..#.#.#.##.#
........#.# #..#.#.#.##.#
..############.#.#.#.##.#
..##.#.###_#_#.#.#.#.##.#
..##.#.#.#.#.8.#.#.#.##.#
###_...............#.##.#########
#............#.###.#...........
#_.#.#.#.#.8.#.# #.........(..#


You could see Edmund.

Vanquished Creatures
  An orc wizard (D:3)
  A worker ant (D:4)
  Robin (D:4)
  A gnoll (D:1)
  6 adders
  2 worms
  A dart slug (D:3)
  3 orcs (D:3)
  8 bats
  5 giant cockroaches
  20 goblins
  9 hobgoblins
  4 jackals (D:2)
  3 kobolds (D:1)
  3 frilled lizards
  7 rats
75 creatures vanquished.

Notes
Turn   | Place    | Note
-------+----------+-------------------------------------------
     0 | Abyss:1  | Gargoyl the Ghoul Abyssal Knight began the quest for the Orb.
     0 | Abyss:1  | Reached XP level 1. HP: 19/19 MP: 1/1
    83 | Abyss:2  | Noticed an ettin simulacrum
   115 | Abyss:2  | Found a corrupted altar of Lugonu.
   116 | Abyss:2  | Noticed a small abomination
   142 | Abyss:2  | Noticed an eye of draining
   176 | Abyss:2  | Noticed a thrashing horror
   181 | Abyss:2  | Noticed a blizzard demon
   184 | D:1      | Escaped the Abyss
   422 | D:1      | Reached XP level 2. HP: 14/26 MP: 2/2
   424 | D:1      | Reached * piety under Lugonu
   424 | D:1      | Reached skill level 1 in Dodging
   587 | D:1      | Reached XP level 3. HP: 17/33 MP: 3/3
   940 | D:2      | Found a shadowy altar of Dithmenos.
  1458 | D:2      | Reached XP level 4. HP: 40/40 MP: 4/4
  1529 | D:2      | You fall through a shaft!
  1529 | D:3      | Found a white marble altar of Elyvilon.
  1669 | D:3      | Reached ** piety under Lugonu
  1670 | D:3      | Reached skill level 4 in Fighting
  1823 | D:3      | Reached XP level 5. HP: 32/46 MP: 6/6
  2112 | D:3      | Found a basalt altar of Yredelemnul.
  2696 | D:4      | Found a sparkling altar of Nemelex Xobeh.
  2721 | D:4      | Noticed Robin
  2731 | D:4      | Killed Robin
  2736 | D:4      | Reached *** piety under Lugonu
  3350 | D:4      | Found a shattered altar of Ashenzari.
  3356 | D:4      | Found an ancient bone altar of Kikubaaqudgha.
  3358 | D:4      | Found a glowing golden altar of the Shining One.
  3359 | D:4      | Found a hazy altar of Hepliaklqana.
  3383 | D:4      | Noticed Edmund
  3426 | D:4      | Slain by Edmund

Skill      XL: |  1  2  3  4  5 |
---------------+----------------+-----
Armour         | 2 3 |  3.3
Dodging        | 1 |  1.0
Axes           | 2 3 |  3.1
Fighting       | 4 |  4.3
Invocations    | 3 |  3.1
Shields        | |  0.3

Action                   |  1- 3 |  4- 6 || total
-------------------------+-------+-------++-------
Melee: Hand axe          |    87 |   213 ||   300
Invok: Depart the Abyss  |     1 |       ||     1
  Use: Potion            |       |     5 ||     5
       Scroll            |       |     2 ||     2
  Eat: Chunk             |    15 |    22 ||    37
Armor: Leather armour    |    27 |       ||    27
       Plate armour      |    31 |   207 ||   238
Dodge: Dodged            |    44 |    72 ||   116
Block: Buckler           |       |    13 ||    13
